[ AOE2 MATCH · #459069475 ]
1v1 RMTurks vs Aztecs
Player's team · LOSS
Rival team · WIN
[ REPLAY ANALYSIS · EXTRACTED FROM THE RECORDED GAME ]
Feudal
11:35
Castle
23:18
Imperial
40:00
| APM avg | 18.7 |
| APM peak | 53 |
| eAPM avg | 14.5 |
| Villagers / military | 146 / 159 |
Focus
⚔️ 32.1% · 🌾 67.9%
Militia ×112 · Janissary ×29 · Hand Cannoneer ×11 · Trebuchet (Packed) ×5 · Monk ×2
Feudal
14:52
Castle
27:11
Imperial
—
| APM avg | 17.1 |
| APM peak | 40 |
| eAPM avg | 9.3 |
| Villagers / military | 63 / 118 |
Focus
⚔️ 36.0% · 🌾 64.0%
Jaguar Warrior ×95 · Militia ×23
Match map
Initial resources + every placement click. Lines = walls · curves = elevation contours. ◆ gold · ⬟ stone · ● berries · ✦ relic · ◌ wall gap
Your base· Open — unwalled flank
X@ND!'s base· Open — unwalled flank
Smoothed initial terrain · ◌ = detected wall gap · hover for details
Inputs per minute
— Letsdance38 - - X@ND!
Build order — Letsdance38
First 150 of 419 actions detected
| 0:01 | Create | Villager (Male) |
| 0:02 | Create | Villager (Male) |
| 0:02 | Create | Villager (Male) |
| 0:04 | Build | House |
| 0:06 | Build | House |
| 0:07 | Build | House |
| 0:16 | Create | Villager (Male) |
| 1:30 | Create | Villager (Male) |
| 1:31 | Create | Villager (Male) |
| 2:17 | Create | Villager (Male) |
| 2:30 | Create | Villager (Male) |
| 2:46 | Create | Villager (Male) |
| 2:46 | Create | Villager (Male) |
| 3:42 | Create | Villager (Male) |
| 3:45 | Create | Villager (Male) |
| 3:59 | Create | Villager (Male) |
| 4:43 | Create | Villager (Male) |
| 4:44 | Create | Villager (Male) |
| 5:01 | Create | Villager (Male) |
| 5:16 | Create | Villager (Male) |
| 5:36 | Build | Mill |
| 6:20 | Create | Villager (Male) |
| 6:34 | Create | Villager (Male) |
| 6:35 | Create | Villager (Male) |
| 7:00 | Build | Lumber Camp |
| 7:04 | Create | Villager (Male) |
| 7:04 | Create | Villager (Male) |
| 7:12 | Build | House |
| 8:45 | Build | Farm |
| 8:46 | Build | Farm |
| 9:21 | Create | Villager (Male) |
| 9:21 | Create | Villager (Male) |
| 9:25 | Research | Feudal Age |
| 9:27 | Research | Loom |
| 9:52 | Build | House |
| 9:53 | Build | House |
| 10:08 | Build | Farm |
| 10:09 | Build | Farm |
| 11:24 | Build | Barracks |
| 11:35 | Age | Feudal Age |
| 11:37 | Research | Wheelbarrow |
| 11:44 | Create | Villager (Male) |
| 11:44 | Create | Villager (Male) |
| 11:45 | Create | Villager (Male) |
| 11:46 | Create | Villager (Male) |
| 11:57 | Build | Farm |
| 12:07 | Build | Farm |
| 12:19 | Build | Farm |
| 12:24 | Create | Villager (Male) |
| 12:57 | Build | Mining Camp |
| 13:11 | Create | Villager (Male) |
| 13:30 | Research | Man-at-Arms (upgrade) |
| 13:42 | Build | Farm |
| 13:47 | Build | Watch Tower |
| 13:58 | Build | Farm |
| 14:09 | Research | Horse Collar |
| 14:11 | Research | Double-Bit Axe |
| 14:46 | Create | Villager (Male) |
| 15:01 | Build | Blacksmith |
| 15:10 | Create | Villager (Male) |
| 15:10 | Create | Villager (Male) |
| 15:47 | Build | Market |
| 16:18 | Create | Militia |
| 16:18 | Create | Militia |
| 17:06 | Create | Villager (Male) |
| 17:06 | Create | Villager (Male) |
| 17:06 | Create | Villager (Male) |
| 17:06 | Create | Villager (Male) |
| 17:07 | Create | Villager (Male) |
| 17:07 | Create | Villager (Male) |
| 17:07 | Create | Villager (Male) |
| 17:08 | Create | Villager (Male) |
| 17:26 | Build | Farm |
| 17:26 | Build | Farm |
| 17:28 | Build | Farm |
| 17:34 | Create | Militia |
| 17:35 | Create | Militia |
| 17:42 | Create | Militia |
| 18:10 | Create | Villager (Male) |
| 18:11 | Create | Villager (Male) |
| 18:11 | Create | Villager (Male) |
| 18:57 | Build | Farm |
| 19:01 | Build | Farm |
| 19:16 | Build | Farm |
| 19:41 | Build | House |
| 19:42 | Build | House |
| 19:56 | Build | Farm |
| 19:57 | Build | Farm |
| 19:57 | Build | Farm |
| 20:01 | Build | Farm |
| 20:32 | Build | Farm |
| 20:38 | Research | Castle Age |
| 21:37 | Create | Villager (Male) |
| 21:37 | Create | Villager (Male) |
| 21:37 | Create | Villager (Male) |
| 21:58 | Build | Lumber Camp |
| 22:08 | Build | Lumber Camp |
| 22:19 | Research | Scale Mail Armor |
| 22:57 | Create | Militia |
| 22:58 | Create | Militia |
| 23:11 | Create | Villager (Male) |
| 23:11 | Create | Villager (Male) |
| 23:18 | Age | Castle Age |
| 23:43 | Build | Town Center |
| 24:40 | Research | Long Swordsman (upgrade) |
| 24:49 | Create | Villager (Male) |
| 24:50 | Create | Villager (Male) |
| 25:28 | Create | Militia |
| 25:28 | Create | Militia |
| 25:29 | Create | Militia |
| 25:42 | Create | Villager (Male) |
| 25:43 | Create | Villager (Male) |
| 25:43 | Create | Villager (Male) |
| 25:43 | Create | Villager (Male) |
| 25:55 | Create | Villager (Male) |
| 25:55 | Create | Villager (Male) |
| 25:56 | Create | Villager (Male) |
| 25:56 | Create | Villager (Male) |
| 25:56 | Create | Villager (Male) |
| 25:56 | Create | Villager (Male) |
| 25:56 | Create | Villager (Male) |
| 25:56 | Create | Villager (Male) |
| 25:57 | Create | Villager (Male) |
| 26:20 | Research | Chain Mail Armor |
| 26:39 | Create | Villager (Male) |
| 26:47 | Create | Militia |
| 26:47 | Create | Militia |
| 26:47 | Create | Militia |
| 26:48 | Create | Militia |
| 27:04 | Build | House |
| 27:08 | Build | House |
| 27:10 | Build | House |
| 27:11 | Build | House |
| 27:22 | Create | Villager (Male) |
| 27:22 | Create | Villager (Male) |
| 27:42 | Research | Arson |
| 27:54 | Build | Barracks |
| 28:05 | Create | Villager (Male) |
| 28:05 | Create | Villager (Male) |
| 28:05 | Create | Villager (Male) |
| 28:05 | Create | Villager (Male) |
| 28:28 | Create | Villager (Male) |
| 28:28 | Create | Villager (Male) |
| 28:28 | Create | Villager (Male) |
| 28:28 | Create | Villager (Male) |
| 29:31 | Create | Villager (Male) |
| 29:31 | Create | Villager (Male) |
| 29:31 | Create | Villager (Male) |
| 29:32 | Create | Villager (Male) |
| 29:32 | Create | Villager (Male) |
Build order — X@ND!
First 150 of 268 actions detected
| 0:01 | Create | Villager (Male) |
| 0:01 | Create | Villager (Male) |
| 0:03 | Build | House |
| 0:05 | Build | House |
| 0:11 | Create | Villager (Male) |
| 0:11 | Create | Villager (Male) |
| 1:35 | Create | Villager (Male) |
| 2:09 | Create | Villager (Male) |
| 2:36 | Create | Villager (Male) |
| 3:02 | Create | Villager (Male) |
| 3:40 | Create | Villager (Male) |
| 3:48 | Create | Villager (Male) |
| 4:36 | Build | House |
| 4:40 | Build | Mill |
| 5:49 | Create | Villager (Male) |
| 5:50 | Create | Villager (Male) |
| 6:09 | Build | Lumber Camp |
| 6:21 | Create | Villager (Male) |
| 7:00 | Create | Villager (Male) |
| 7:23 | Build | Barracks |
| 7:35 | Create | Villager (Male) |
| 7:35 | Create | Villager (Male) |
| 7:58 | Create | Villager (Male) |
| 8:33 | Build | House |
| 8:36 | Build | House |
| 9:00 | Create | Militia |
| 9:00 | Create | Militia |
| 9:00 | Create | Militia |
| 9:00 | Create | Militia |
| 9:01 | Create | Militia |
| 9:32 | Build | House |
| 9:56 | Create | Villager (Male) |
| 9:56 | Create | Villager (Male) |
| 9:57 | Create | Villager (Male) |
| 9:57 | Create | Villager (Male) |
| 10:48 | Create | Militia |
| 11:00 | Build | House |
| 11:04 | Build | House |
| 11:28 | Create | Villager (Male) |
| 11:28 | Create | Villager (Male) |
| 11:43 | Build | Mining Camp |
| 12:12 | Build | Farm |
| 12:14 | Build | Farm |
| 12:16 | Build | Farm |
| 12:19 | Build | Farm |
| 12:42 | Research | Feudal Age |
| 14:52 | Age | Feudal Age |
| 14:52 | Research | Man-at-Arms (upgrade) |
| 14:52 | Research | Man-at-Arms (upgrade) |
| 14:53 | Create | Militia |
| 14:53 | Create | Militia |
| 14:54 | Create | Militia |
| 14:59 | Build | Farm |
| 15:01 | Build | Farm |
| 15:02 | Build | Farm |
| 15:05 | Build | Farm |
| 15:08 | Build | Farm |
| 15:09 | Build | Farm |
| 15:11 | Build | Farm |
| 15:18 | Build | Farm |
| 15:22 | Build | Farm |
| 15:25 | Create | Villager (Male) |
| 15:25 | Create | Villager (Male) |
| 15:26 | Create | Villager (Male) |
| 15:26 | Create | Villager (Male) |
| 17:26 | Create | Militia |
| 17:26 | Create | Militia |
| 17:26 | Create | Militia |
| 17:27 | Create | Militia |
| 17:27 | Create | Militia |
| 17:37 | Build | Barracks |
| 17:55 | Create | Villager (Male) |
| 17:55 | Create | Villager (Male) |
| 17:55 | Create | Villager (Male) |
| 17:55 | Create | Villager (Male) |
| 17:56 | Create | Villager (Male) |
| 18:15 | Build | Blacksmith |
| 18:23 | Research | Horse Collar |
| 18:29 | Research | Stone Mining |
| 18:59 | Build | Mining Camp |
| 19:04 | Create | Militia |
| 19:04 | Create | Militia |
| 19:04 | Create | Militia |
| 19:04 | Create | Militia |
| 19:18 | Build | Archery Range |
| 19:36 | Build | House |
| 19:40 | Build | House |
| 19:42 | Build | House |
| 19:43 | Build | House |
| 19:45 | Build | House |
| 19:46 | Build | House |
| 19:55 | Create | Villager (Male) |
| 19:55 | Create | Villager (Male) |
| 19:56 | Create | Villager (Male) |
| 20:04 | Build | House |
| 20:24 | Research | Forging |
| 20:27 | Research | Scale Mail Armor |
| 20:44 | Build | Farm |
| 21:01 | Build | Farm |
| 21:04 | Build | Farm |
| 24:31 | Research | Castle Age |
| 24:50 | Build | Farm |
| 25:02 | Build | Outpost |
| 25:11 | Build | Farm |
| 26:29 | Build | Lumber Camp |
| 27:11 | Age | Castle Age |
| 27:39 | Build | Castle |
| 28:17 | Create | Militia |
| 28:17 | Create | Militia |
| 28:18 | Create | Militia |
| 28:18 | Create | Militia |
| 28:18 | Create | Militia |
| 28:22 | Create | Jaguar Warrior |
| 28:23 | Create | Jaguar Warrior |
| 28:23 | Create | Jaguar Warrior |
| 28:23 | Create | Jaguar Warrior |
| 28:23 | Create | Jaguar Warrior |
| 28:24 | Create | Jaguar Warrior |
| 28:45 | Build | Mill |
| 29:11 | Create | Jaguar Warrior |
| 29:11 | Create | Jaguar Warrior |
| 29:11 | Create | Jaguar Warrior |
| 29:12 | Create | Jaguar Warrior |
| 29:12 | Create | Jaguar Warrior |
| 29:12 | Create | Jaguar Warrior |
| 29:12 | Create | Jaguar Warrior |
| 29:13 | Create | Jaguar Warrior |
| 30:11 | Build | Farm |
| 30:16 | Build | Farm |
| 30:18 | Build | Farm |
| 30:32 | Create | Jaguar Warrior |
| 30:32 | Create | Jaguar Warrior |
| 30:36 | Research | Iron Casting |
| 30:37 | Research | Chain Mail Armor |
| 30:43 | Research | Squires |
| 30:49 | Research | Arson |
| 31:00 | Create | Jaguar Warrior |
| 31:00 | Create | Jaguar Warrior |
| 31:00 | Create | Jaguar Warrior |
| 31:00 | Create | Jaguar Warrior |
| 31:01 | Create | Jaguar Warrior |
| 31:20 | Build | Farm |
| 31:26 | Build | Farm |
| 31:30 | Build | Farm |
| 31:39 | Create | Jaguar Warrior |
| 31:39 | Create | Jaguar Warrior |
| 31:39 | Create | Jaguar Warrior |
| 31:40 | Create | Jaguar Warrior |
| 31:40 | Create | Jaguar Warrior |
| 32:08 | Create | Villager (Male) |
Match timeline
| 7:23 | X@ND! · first_building Barracks |
| 11:24 | Letsdance38 · first_building Barracks |
| 11:35 | Letsdance38 · age_up feudal |
| 14:52 | X@ND! · age_up feudal |
| 18:51 | Letsdance38 · first_market_buy 100 wood |
| 19:18 | X@ND! · first_building Archery Range |
| 23:18 | Letsdance38 · age_up castle |
| 27:11 | X@ND! · age_up castle |
| 27:39 | X@ND! · first_building Castle |
| 30:45 | Letsdance38 · first_building Castle |
| 31:37 | Letsdance38 · first_building Archery Range |
| 35:47 | Letsdance38 · first_building Monastery |
| 40:00 | Letsdance38 · age_up imperial |
| 41:59 | Letsdance38 · first_market_sell 100 wood |
| 47:24 | Letsdance38 · wall_segment Stone Wall x20 |
| 51:36 | Letsdance38 · resign |
[ AI ANALYSIS · 1 CREDIT ]
What really happened in this match?
Wolo.gg analyzes every decision: build order, eco, micro, common mistakes by bracket. Personalized analysis on WhatsApp or Discord in 30 seconds.
Civ guide
Turks
Map guide
Arabia
Perfil
Jugador #24665607